Map: Écho EC

Players

jume

  • Race: Zerg Zerg
  • League: Grandmaster

AgCl - Winner!

  • Race: Protoss Protoss
  • League: Grandmaster

VOD

Have the link to the VOD?

Description

Time

  • Played on: July 2, 2015, 5:23 p.m.
  • Length: 8:42
Show
View Real Time Build Order
Export as new Build Order

jume Zerg 

Build Orders: Hatch First 

Get SALT Encoding   

  12  0:01  Drone  
  13  0:11  Drone  
  14  0:14  Extractor  
  14  0:16  Drone  
  14  0:22  Extractor  
  14  0:23  Drone  
  16  0:45  Hatchery  
  15  0:57  Spawning Pool  
  14  1:12  Extractor  
  14  1:13  Drone, Extractor  
  14  1:14  Drone  
  14  1:15  Overlord  
  16  1:45  Queen  
  18  1:49  Overlord  
  18  1:51  Drone x2  
  20  1:58  Drone  
  21  2:10  Hatchery  
  21  2:13  Zergling x2  
  21  2:21  Zergling x4  
  23  2:28  Overlord  
  23  2:36  Queen  
  25  2:39  Drone  
  25  2:42  Drone  
  27  2:57  Drone x2  
  27  2:58  Drone x2  
  31  3:01  Drone x2  
  33  3:09  Drone x3  
  36  3:14  Drone  
  36  3:16  Drone  
  38  3:20  Drone  
  38  3:22  Drone  
  38  3:24  Drone  
  39  3:44  Drone x3  
  39  3:45  Extractor  
  39  3:46  Extractor  
  40  3:48  Spore Crawler  
  40  3:49  Spore Crawler, Drone x2  
  40  3:50  Drone, Spore Crawler x2  
  40  3:53  Drone x2  
  41  3:57  Drone  
  41  3:58  Drone  
  43  4:08  Zergling x12  
  49  4:25  Drone x2, Spore Crawler  
  49  4:26  Overlord x3  
  50  4:35  Metabolic Boost  
  50  4:57  Drone x15  
  65  5:02  Lair  
  65  5:15  Overlord x4  
  65  5:29  Overlord x5  
  65  5:45  Extractor  
  65  5:47  Extractor  
  63  6:00  Overlord  
  63  6:01  Drone x9, Hydralisk Den  
  63  6:03  Extractor  
  70  6:04  Extractor  
  70  6:05  Spine Crawler x2  
  70  6:06  Drone x7, Spine Crawler  
  73  6:12  Drone  
  73  6:13  Drone  
  75  6:29  Drone x2  
  73  6:40  Hydralisk x10  
  92  6:54  Hydralisk x5  
  102  7:05  Zergling x14  
  100  7:22  Hydralisk x6  
  88  7:27  Hydralisk  
  101  7:35  Hydralisk  
  101  7:36  Hydralisk  
  92  7:43  Hydralisk  
  93  7:46  Zergling x4  
  91  7:55  Hydralisk x3  
  93  8:04  Hydralisk x2  
  87  8:10  Hydralisk  
  85  8:17  Hydralisk x2  
  81  8:25  Spore Crawler  
  81  8:26  Spore Crawler  
  81  8:29  Spore Crawler  
Show
View Real Time Build Order
Export as new Build Order

AgCl Protoss - Winner!

Build Orders: Oracle Opening 

Get SALT Encoding   

  12  0:21  Pylon  
  12  0:29  Probe, Assimilator  
  13  0:41  Probe (Chrono Boost)  
  14  0:52  Probe (Chrono Boost)  
  15  0:57  Gateway  
  15  0:58  Probe  
  15  1:01  Pylon  
  16  1:10  Probe (Chrono Boost)  
  18  1:19  Probe (Chrono Boost)  
  18  1:27  Probe (Chrono Boost)  
  19  1:39  Probe (Chrono Boost)  
  20  1:44  Zealot  
  23  1:47  Probe (Chrono Boost)  
  23  2:00  Nexus  
  23  2:06  Assimilator  
  23  2:24  Cybernetics Core  
  23  2:26  Probe (Chrono Boost)  
  24  2:36  Probe (Chrono Boost)  
  25  2:43  Probe  
  26  2:45  Gateway  
  24  2:55  Probe (Chrono Boost)  
  25  3:01  Adept  
  25  3:04  Probe (Chrono Boost), Stargate  
  28  3:12  Probe (Chrono Boost)  
  29  3:14  Warp Gate (Chrono Boost)  
  29  3:16  Probe (Chrono Boost)  
  30  3:24  Mothership Core (Chrono Boost)  
  33  3:28  Probe (Chrono Boost)  
  33  3:38  Probe (Chrono Boost)  
  33  3:39  Probe (Chrono Boost)  
  35  3:47  Oracle (Chrono Boost)  
  39  3:50  Probe (Chrono Boost)  
  39  3:52  Assimilator  
  39  3:53  Probe (Chrono Boost)  
  39  3:54  Assimilator  
  40  3:57  Probe (Chrono Boost)  
  40  4:01  Probe, Pylon  
  42  4:08  Probe (Chrono Boost)  
  43  4:13  Probe (Chrono Boost)  
  46  4:25  Probe x2 (Chrono Boost), Fleet Beacon  
  46  4:31  Probe (Chrono Boost), Void Ray (Chrono Boost)  
  47  4:33  Probe  
  52  5:01  Carrier (Chrono Boost)  
  52  5:02  Pylon  
  52  5:08  Gateway x2, Protoss Air Weapons Level 1 (Chrono Boost)  
  52  5:14  Gateway  
  52  5:15  Pylon  
  52  5:20  Probe x2  
  52  5:21  Graviton Catapult (Chrono Boost)  
  60  5:31  Stargate  
  60  5:32  Pylon  
  61  5:38  Gateway  
  60  5:43  Gateway, Adept  
  60  5:46  Probe  
  60  5:47  Probe  
  64  5:56  Adept  
  66  5:58  Probe, Carrier (Chrono Boost)  
  66  5:59  Probe  
  74  6:27  Carrier (Chrono Boost)  
  74  6:31  Pylon  
  73  6:46  Adept  
  76  6:54  Adept  
  76  6:55  Adept  
  76  6:58  Probe  
  79  7:20  Adept x2  
  83  7:23  Probe  
  83  7:24  Carrier (Chrono Boost)  
  83  7:27  Pylon  
  84  7:30  Pylon  
  84  7:32  Stargate  
  84  7:33  Probe  
  84  7:36  Adept  
  83  7:49  Adept, Forge  
  91  7:55  Adept x2  
  97  8:37  Adept  
Tags
 
Add a new tag
Caveats
  • Supply blocks, unpowered buildings, or Contaminate may cause inaccurate times.
  • Supply counts are checked every 10 seconds.